cohdb
Replays
Latest Replays
All Replays
Popular Replays
Top Player Replays
Match Explorer
How It Works
Community
CoH3 Stats
Reddit
Sign in to upload your games and track your stats! →
Sign in with Steam
Match 41526069
Unlisted
Match 41526069
Overview
Messages
Build Orders
End
Construct Section Command Post
Vickers Machine Gun Team
Selects Canadian Shock Battlegroup
Royal Engineer Section
ML 3-inch Mortar Team
Construct Platoon Command Post
Selects Incendiary Munitions
Grenade Package
Infantry Training
Selects Pyrotechnics
Construct Company Command Post
Infantry Section
Matilda II Heavy Tank
El Presidente
NanoLoki
FemtoLoki
Omach
Sixtus
Adepta Ministorum
0
0
Comments
sign in to comment!
No comments posted yet!